General information
- name: BNet
- type: Ladder team game (AT/RT)
- host: Battle.net
- saver: SERIOUSCRAFT
map: Goldshire
- players: 4
- length: 107:28
- speed: Fast
- version: 1.24 W3XP
- replay type: Public
» download(428 KB)
Players
team 1 (winner)
KeKeZergRush (
teal | 79 APM | 8455 actions | 107:15)
7 Mountain King
3 Storm Bolt
3 Bash
1 Avatar
6 Paladin
3 Holy Light
2 Divine Shield
1 Resurrection
» actions
| Assign group hotkey | 14 | |
| Basic commands | 16 | |
| Build / train | 143 | |
| ESC pressed | 1 | |
| Enter build submenu | 92 | |
| Enter hero's abilities submenu | 12 | |
| Give item / drop item | 9 | |
| Right click | 3240 | |
| Select / deselect | 658 | |
| Select group hotkey | 3863 | |
| Use ability | 407 | |
8455 total
» units
| Peasant | 19 | |
| Siege Engine | 5 | |
| Dragonhawk Rider | 5 | |
| Gryphon Rider | 7 | |
36 total
» upgrades
| Masonry | 3 | |
| Lumber Harvesting | 2 | |
| Gunpowder | 3 | |
| Barrage | 1 | |
| Plating | 3 | |
| Magic Sentry | 1 | |
| Sorceress Training | 1 | |
| Priest Training | 1 | |
| Cloud | 1 | |
| Swords | 3 | |
| Animal War Training | 1 | |
| Storm Hammers | 1 | |
| Armor | 3 | |
24 total
» buildings
| Altar of Kings | 2 | |
| Farm | 23 | |
| Lumber Mill | 4 | |
| Scout Tower | 72 | |
| Arcane Tower | 3 | |
| Guard Tower | 38 | |
| Keep | 2 | |
| Blacksmith | 2 | |
| Castle | 2 | |
| Arcane Vault | 2 | |
| Workshop | 3 | |
| Cannon Tower | 1 | |
| Arcane Sanctum | 1 | |
| Town Hall | 2 | |
| Gryphon Aviary | 5 | |
| Barracks | 1 | |
163 total
» build order
00:08 Altar of Kings
00:10 Farm
00:25 Lumber Mill
00:49 Farm
01:43 Scout Tower
02:10 Arcane Tower
02:12 Scout Tower
02:15 Scout Tower
02:44 Guard Tower
02:45 Guard Tower
02:51 Scout Tower
02:52 Scout Tower
03:00 Scout Tower
03:02 Scout Tower
03:19 Keep
03:34 Guard Tower
03:37 Guard Tower
03:43 Scout Tower
03:44 Scout Tower
04:11 Guard Tower
04:14 Scout Tower
04:15 Scout Tower
04:17 Guard Tower
04:31 Scout Tower
04:31 Scout Tower
04:33 Scout Tower
04:34 Scout Tower
04:36 Scout Tower
04:43 Guard Tower
05:00 Guard Tower
05:02 Scout Tower
05:11 Farm
05:32 Arcane Tower
05:47 Scout Tower
05:48 Scout Tower
06:00 Guard Tower
06:20 Guard Tower
06:29 Guard Tower
06:44 Guard Tower
06:48 Guard Tower
07:21 Guard Tower
07:24 Scout Tower
07:25 Scout Tower
07:42 Scout Tower
07:44 Scout Tower
07:52 Blacksmith
08:34 Guard Tower
08:35 Castle
08:37 Guard Tower
09:56 Arcane Vault
10:04 Workshop
10:06 Workshop
10:46 Workshop
10:50 Farm
10:51 Farm
10:53 Farm
11:19 Guard Tower
11:21 Scout Tower
11:23 Scout Tower
11:57 Farm
11:58 Farm
12:24 Arcane Tower
12:25 Guard Tower
12:28 Scout Tower
12:30 Scout Tower
13:40 Scout Tower
13:41 Scout Tower
14:04 Cannon Tower
15:25 Guard Tower
16:25 Arcane Sanctum
19:52 Scout Tower
19:53 Scout Tower
20:07 Scout Tower
20:08 Scout Tower
20:09 Scout Tower
20:10 Scout Tower
20:11 Scout Tower
20:11 Scout Tower
20:13 Scout Tower
20:39 Guard Tower
20:42 Guard Tower
21:13 Guard Tower
21:16 Scout Tower
21:17 Scout Tower
21:18 Scout Tower
21:19 Scout Tower
21:45 Guard Tower
21:54 Scout Tower
21:55 Scout Tower
21:56 Scout Tower
21:57 Scout Tower
21:57 Scout Tower
21:59 Scout Tower
22:14 Guard Tower
22:36 Guard Tower
22:46 Lumber Mill
23:52 Town Hall
24:01 Scout Tower
24:02 Scout Tower
24:04 Scout Tower
24:05 Scout Tower
24:06 Scout Tower
24:59 Gryphon Aviary
25:49 Scout Tower
25:50 Scout Tower
27:56 Guard Tower
28:48 Guard Tower
29:32 Guard Tower
31:14 Town Hall
34:20 Scout Tower
34:21 Scout Tower
34:22 Scout Tower
34:22 Scout Tower
34:23 Scout Tower
34:24 Scout Tower
34:26 Scout Tower
34:27 Scout Tower
34:28 Scout Tower
34:29 Scout Tower
34:31 Scout Tower
34:32 Scout Tower
34:33 Scout Tower
34:36 Scout Tower
34:37 Scout Tower
34:38 Scout Tower
34:39 Scout Tower
35:57 Guard Tower
35:57 Guard Tower
35:57 Guard Tower
38:07 Lumber Mill
39:00 Guard Tower
39:21 Guard Tower
40:37 Guard Tower
40:37 Guard Tower
41:03 Farm
41:04 Farm
41:05 Farm
41:15 Guard Tower
41:43 Guard Tower
42:29 Altar of Kings
43:01 Keep
43:59 Blacksmith
45:19 Farm
45:20 Farm
45:21 Farm
45:22 Farm
45:31 Castle
45:35 Farm
45:38 Farm
45:50 Gryphon Aviary
45:53 Gryphon Aviary
45:54 Gryphon Aviary
45:56 Gryphon Aviary
46:33 Farm
46:34 Farm
46:35 Farm
46:48 Barracks
47:17 Farm
50:52 Arcane Vault
52:19 Farm
52:20 Farm
54:07 Lumber Mill
» items
| Healing Salve | 2 | |
| Lesser Clarity Potion | 7 | |
| Staff of Sanctuary | 2 | |
| Orb of Fire | 1 | |
| Boots of Speed | 2 | |
| Staff of Teleportation | 2 | |
| Orb of Lightning | 2 | |
| Potion of Healing | 1 | |
| Scroll of Town Portal | 3 | |
22 total
SERIOUSCRAFT (
yellow | 43 APM | 4669 actions | 107:28)
9 Blademaster
3 Wind Walk
3 Critical Strike
1 Bladestorm
2 Mirror Image
» actions
| Assign group hotkey | 31 | |
| Basic commands | 9 | |
| Build / train | 112 | |
| Enter build submenu | 64 | |
| Enter hero's abilities submenu | 9 | |
| Give item / drop item | 11 | |
| Remove unit from queue | 12 | |
| Right click | 2925 | |
| Select / deselect | 622 | |
| Select group hotkey | 557 | |
| Use ability | 317 | |
4669 total
» units
| Peon | 27 | |
| Troll Batrider | 16 | |
| Goblin Shredder | 1 | |
| Tauren | 3 | |
| Shaman | 6 | |
| Spirit Walker | 3 | |
56 total
» upgrades
| Ranged Weapons | 3 | |
| Armor | 3 | |
| Spiked Barricades | 3 | |
| Liquid Fire | 1 | |
| Reinforced Defenses | 1 | |
| Pulverize | 1 | |
| Shaman Training | 2 | |
| Spirit Walker Training | 2 | |
16 total
» buildings
| Altar of Storms | 2 | |
| Orc Burrow | 9 | |
| War Mill | 3 | |
| Voodoo Lounge | 4 | |
| Watch Tower | 39 | |
| Stronghold | 2 | |
| Beastiary | 7 | |
| Great Hall | 2 | |
| Fortress | 2 | |
| Tauren Totem | 2 | |
| Spirit Lodge | 4 | |
76 total
» build order
00:06 Altar of Storms
00:21 Orc Burrow
00:53 War Mill
01:06 Voodoo Lounge
02:20 Watch Tower
02:27 Watch Tower
03:24 Watch Tower
03:39 Voodoo Lounge
03:53 Orc Burrow
04:40 Watch Tower
05:01 Watch Tower
05:06 Watch Tower
05:21 Watch Tower
05:32 Watch Tower
05:59 Stronghold
06:04 Watch Tower
06:37 Watch Tower
07:37 Watch Tower
07:41 Watch Tower
08:36 Watch Tower
08:52 Watch Tower
09:04 Watch Tower
09:42 Beastiary
09:44 Beastiary
09:47 Beastiary
10:13 Great Hall
10:21 Watch Tower
10:26 Watch Tower
11:22 Fortress
12:23 Watch Tower
12:24 Watch Tower
12:36 Orc Burrow
14:09 Watch Tower
14:19 Watch Tower
14:20 Watch Tower
14:20 Watch Tower
15:57 Watch Tower
15:58 Watch Tower
16:01 Watch Tower
16:03 Watch Tower
18:20 Watch Tower
18:25 Watch Tower
20:37 Watch Tower
20:39 Watch Tower
20:40 Watch Tower
20:42 Watch Tower
23:56 Watch Tower
24:01 Watch Tower
25:21 Watch Tower
25:22 Watch Tower
25:23 Watch Tower
33:48 Orc Burrow
38:05 Great Hall
39:27 Orc Burrow
45:39 Stronghold
45:57 Altar of Storms
48:16 Orc Burrow
48:43 Beastiary
48:49 Beastiary
49:31 Beastiary
50:03 Beastiary
50:16 Fortress
51:16 Voodoo Lounge
52:04 Voodoo Lounge
53:10 War Mill
53:24 War Mill
56:32 Orc Burrow
56:33 Orc Burrow
56:34 Orc Burrow
57:08 Tauren Totem
57:11 Tauren Totem
57:18 Watch Tower
58:24 Spirit Lodge
58:35 Spirit Lodge
59:39 Spirit Lodge
60:25 Spirit Lodge
» items
| Healing Salve | 1 | |
| Lesser Clarity Potion | 6 | |
| Boots of Speed | 1 | |
| Staff of Teleportation | 1 | |
| Circlet of Nobility | 1 | |
| Tiny Great Hall | 2 | |
| Scroll of Town Portal | 1 | |
13 total
team 2 (loser)

»
ElberGoon (
blue | 51 APM | 5512 actions | 107:15)
8 Death Knight
3 Death Coil
3 Unholy Aura
1 Death Pact
1 Animate Dead
5 Lich
3 Frost Nova
1 Frost Armor
1 Dark Ritual
» actions
| Assign group hotkey | 18 | |
| Basic commands | 566 | |
| Build / train | 74 | |
| ESC pressed | 1 | |
| Enter build submenu | 29 | |
| Enter hero's abilities submenu | 13 | |
| Give item / drop item | 3 | |
| Remove unit from queue | 2 | |
| Right click | 2002 | |
| Select / deselect | 1075 | |
| Select group hotkey | 1499 | |
| Use ability | 230 | |
5512 total
» units
| Acolyte | 16 | |
| Ghoul | 3 | |
| Crypt Fiend | 9 | |
| Obsidian Statue | 3 | |
| Meatwagon | 6 | |
| Frost Wyrm | 3 | |
40 total
» upgrades
| Burrow | 1 | |
| Creature Attack | 3 | |
| Creature Carapace | 1 | |
| Web | 1 | |
| Freezing Breath | 1 | |
| Disease Cloud | 1 | |
8 total
» buildings
| Altar of Darkness | 2 | |
| Ziggurat | 15 | |
| Crypt | 4 | |
| Graveyard | 2 | |
| Tomb of Relics | 1 | |
| Nerubian Tower | 1 | |
| Halls of the Dead | 1 | |
| Spirit Tower | 3 | |
| Slaughterhouse | 1 | |
| Sacrificial Pit | 1 | |
| Black Citadel | 1 | |
| Boneyard | 2 | |
| Necropolis | 2 | |
36 total
» build order
00:07 Altar of Darkness
00:11 Ziggurat
00:35 Crypt
01:28 Graveyard
01:31 Tomb of Relics
02:12 Ziggurat
02:24 Nerubian Tower
03:21 Ziggurat
03:47 Halls of the Dead
04:19 Spirit Tower
06:10 Slaughterhouse
07:04 Sacrificial Pit
07:25 Ziggurat
07:26 Ziggurat
07:28 Ziggurat
10:20 Black Citadel
16:33 Boneyard
16:36 Boneyard
22:22 Ziggurat
22:24 Ziggurat
22:32 Ziggurat
27:06 Spirit Tower
27:12 Spirit Tower
52:14 Necropolis
60:42 Altar of Darkness
60:45 Ziggurat
60:46 Ziggurat
60:49 Ziggurat
61:34 Necropolis
65:04 Ziggurat
65:05 Ziggurat
65:07 Ziggurat
66:10 Crypt
66:11 Crypt
66:40 Crypt
68:48 Graveyard
» items
| Dust of Appearance | 2 | |
| Scroll of Protection | 1 | |
3 total
Yunkel (
pink | 48 APM | 5178 actions | 107:15)
10 Tauren Chieftain
3 Shockwave
3 Endurance Aura
2 Reincarnation
2 War Stomp
6 Shadow Hunter
3 Healing Wave
2 Hex
1 Big Bad Voodoo
» actions
| Assign group hotkey | 34 | |
| Basic commands | 294 | |
| Build / train | 142 | |
| ESC pressed | 15 | |
| Enter build submenu | 67 | |
| Enter hero's abilities submenu | 15 | |
| Give item / drop item | 8 | |
| Right click | 2375 | |
| Select / deselect | 1066 | |
| Select group hotkey | 715 | |
| Use ability | 446 | |
5178 total
» units
| Peon | 33 | |
| Grunt | 8 | |
| Wind Rider | 12 | |
| Troll Batrider | 11 | |
| Raider | 8 | |
| Demolisher | 2 | |
| Troll Witch Doctor | 3 | |
77 total
» upgrades
| Ranged Weapons | 2 | |
| Armor | 3 | |
| Ensnare | 1 | |
| Melee Weapons | 2 | |
| Pillage | 1 | |
| Witch Doctor Training | 2 | |
| Liquid Fire | 1 | |
12 total
» buildings
| Altar of Storms | 1 | |
| Orc Burrow | 7 | |
| Barracks | 2 | |
| Voodoo Lounge | 1 | |
| Stronghold | 1 | |
| War Mill | 1 | |
| Watch Tower | 43 | |
| Beastiary | 2 | |
| Fortress | 4 | |
| Great Hall | 2 | |
| Spirit Lodge | 1 | |
65 total
» build order
00:08 Altar of Storms
00:23 Orc Burrow
00:41 Barracks
01:25 Orc Burrow
02:13 Voodoo Lounge
03:21 Stronghold
03:34 War Mill
04:36 Orc Burrow
04:39 Orc Burrow
04:46 Barracks
04:51 Watch Tower
06:05 Beastiary
06:26 Beastiary
06:56 Orc Burrow
11:54 Orc Burrow
11:55 Orc Burrow
16:53 Fortress
16:54 Fortress
16:54 Fortress
16:54 Fortress
19:53 Watch Tower
19:56 Watch Tower
19:59 Watch Tower
20:03 Watch Tower
20:07 Watch Tower
20:22 Watch Tower
20:25 Watch Tower
20:34 Watch Tower
20:41 Watch Tower
21:22 Watch Tower
22:04 Watch Tower
22:07 Watch Tower
24:48 Watch Tower
24:49 Watch Tower
24:51 Watch Tower
24:52 Watch Tower
24:55 Watch Tower
26:16 Great Hall
26:23 Great Hall
26:27 Watch Tower
30:32 Spirit Lodge
33:49 Watch Tower
33:50 Watch Tower
33:53 Watch Tower
33:54 Watch Tower
33:57 Watch Tower
43:07 Watch Tower
43:09 Watch Tower
43:10 Watch Tower
43:12 Watch Tower
43:13 Watch Tower
43:16 Watch Tower
44:16 Watch Tower
44:18 Watch Tower
44:20 Watch Tower
44:23 Watch Tower
45:03 Watch Tower
48:36 Watch Tower
48:37 Watch Tower
48:38 Watch Tower
48:39 Watch Tower
48:59 Watch Tower
49:01 Watch Tower
49:03 Watch Tower
49:06 Watch Tower
» items
| Healing Salve | 1 | |
| Scroll of Town Portal | 5 | |
| Orb of Lightning | 2 | |
| Tiny Great Hall | 1 | |
| Potion of Healing | 1 | |
| Scroll of Speed | 1 | |
| Tome of Retraining | 2 | |
| Staff of Teleportation | 1 | |
| Potion of Lesser Invulnerability | 2 | |
| Lesser Clarity Potion | 2 | |
18 total
Chat log
(03:29 / Allies) KeKeZergRush: shop near towers asap
(03:30 / Allies) KeKeZergRush: please
(05:43 / Allies) KeKeZergRush: no mana
(06:11 / Allies) KeKeZergRush: scout ud
(06:14 / Allies) KeKeZergRush: hope no dragons
(08:02 / Allies) KeKeZergRush: snackaloytes
(08:16 / Allies) KeKeZergRush: hawks or tanks?
(08:24 / Allies) KeKeZergRush: sorry tanks?
(15:13 / Allies) KeKeZergRush: no bats?
(18:40 / Allies) KeKeZergRush: flagon just came on
(18:52 / Allies) KeKeZergRush: stat
(19:47 / Allies) KeKeZergRush: half dead stat
(20:15 / Allies) KeKeZergRush: worker
(22:26 / Allies) KeKeZergRush: go inot upkeep?
(23:46 / Allies) KeKeZergRush: lum please
(25:59 / Allies) KeKeZergRush: on mk
(26:19 / Allies) KeKeZergRush: ud i guess
(35:40 / Allies) KeKeZergRush: yep
(38:17 / Allies) KeKeZergRush: check see if they spoed
(42:42 / Allies) KeKeZergRush: lumber
(44:23 / Allies) KeKeZergRush: think pink went here
(45:28 / Allies) KeKeZergRush: go what 100 grphs
(45:29 / Allies) KeKeZergRush: ???
(48:59 / Allies) KeKeZergRush: lumber fucker
(49:01 / Allies) KeKeZergRush: ty
(49:23 / Allies) KeKeZergRush: going already
(49:35 / All) KeKeZergRush: so you guys like long games?
(49:50 / All) ElberGoon: we dont care
(49:55 / All) ElberGoon: but yes we like it
(50:26 / Allies) KeKeZergRush: hawks too
(50:27 / Allies) KeKeZergRush: or s traight
(51:56 / Allies) KeKeZergRush: we should hit pink while separate
(52:42 / Allies) KeKeZergRush: haha
(52:50 / Allies) KeKeZergRush: 2 health a pieace
(52:52 / Allies) KeKeZergRush: piece
(53:16 / Allies) KeKeZergRush: rape?
(53:31 / Allies) KeKeZergRush: you got hawks right?
(53:49 / Allies) KeKeZergRush: so this can hold
(54:01 / Allies) KeKeZergRush: taking gryph too?
(54:11 / Allies) KeKeZergRush: no hero
(55:38 / Allies) KeKeZergRush: tp
(55:57 / Allies) KeKeZergRush: out with ud
(56:32 / Allies) KeKeZergRush: ][[[[
(56:35 / Allies) KeKeZergRush: oops
(56:51 / Allies) KeKeZergRush: should have taken out pink when we had the chance by expo
(58:33 / Allies) KeKeZergRush: wanna pick off fiends
(58:39 / Allies) KeKeZergRush: bolt light
(58:40 / Allies) KeKeZergRush: you hit
(59:22 / Allies) KeKeZergRush: stasis trap
(60:31 / All) SERIOUSCRAFT: *
(62:20 / Allies) KeKeZergRush: back door
(64:11 / Allies) KeKeZergRush: want those meat wagons
(66:36 / Allies) KeKeZergRush: got a wgon
(66:48 / Allies) KeKeZergRush: ill heal if you get
(70:02 / Allies) KeKeZergRush: 1.5 k
(71:26 / Allies) KeKeZergRush: 2 fiends down
(73:06 / Allies) KeKeZergRush: still making units
(74:48 / Allies) KeKeZergRush: 6 pala would be nice
(74:54 / Allies) KeKeZergRush: i mean mk
(75:08 / Allies) KeKeZergRush: that it
(75:43 / Allies) KeKeZergRush: gotta bolt bbv
(77:19 / Allies) KeKeZergRush: be back
(78:28 / Allies) KeKeZergRush: blue here
(79:26 / Allies) KeKeZergRush: should see if altar making
(79:52 / Allies) KeKeZergRush: bolt beam
(79:53 / Allies) KeKeZergRush: fiends
(79:54 / Allies) KeKeZergRush: wait
(80:22 / Allies) KeKeZergRush: im an ass
(80:29 / Allies) KeKeZergRush: why did i get resurrect insteado f divine 34
(80:32 / Allies) KeKeZergRush: damnit
(80:47 / Allies) KeKeZergRush: peasants
(81:22 / Allies) KeKeZergRush: i can bring mk and staff home
(81:25 / Allies) KeKeZergRush: if prob
(81:30 / Allies) KeKeZergRush: raiders an issue
(81:49 / Allies) KeKeZergRush: check altar?
(82:12 / Allies) KeKeZergRush: selling
(83:25 / Allies) KeKeZergRush: yes it is
(84:17 / Allies) KeKeZergRush: sh
(84:33 / Allies) KeKeZergRush: work into here?
(84:42 / Allies) KeKeZergRush: if no raiders or fiends
(84:45 / Allies) KeKeZergRush: use gryphs
(85:05 / Allies) KeKeZergRush: scout with heroes first
(85:50 / Allies) KeKeZergRush: phew
(85:53 / Allies) KeKeZergRush: no ensnare
(86:08 / Allies) KeKeZergRush: think i got one raider
(86:15 / Allies) KeKeZergRush: we can finish that
(86:17 / Allies) KeKeZergRush: if they camping there
(87:30 / Allies) KeKeZergRush: r there frostes left
(87:56 / Allies) KeKeZergRush: there are fiends somewhere tho
(88:14 / Allies) KeKeZergRush: avatar?
(89:25 / Allies) KeKeZergRush: need mana for mk
(89:55 / Allies) KeKeZergRush: with time comes mana
(89:59 / Allies) KeKeZergRush: still dont see f iends
(90:43 / Allies) KeKeZergRush: needed a bathroom break
(90:45 / Allies) KeKeZergRush: thank god
(90:52 / Allies) SERIOUSCRAFT: poopsocks
(90:56 / Allies) KeKeZergRush: avater 3/4
(90:59 / Allies) KeKeZergRush: might as well get that too
(91:17 / Allies) KeKeZergRush: 3/3 animal training
(91:25 / Allies) KeKeZergRush: militia peas and run in too
(91:51 / All) ElberGoon: im gonna dinner, brb
(91:58 / All) SERIOUSCRAFT: leave shitbird
(91:59 / All) KeKeZergRush: okay save me some
(92:03 / All) KeKeZergRush: to the victor goes the spoils
(93:56 / All) KeKeZergRush: soo close
(93:58 / All) KeKeZergRush: yet so far
(94:01 / All) KeKeZergRush: how was dinner
(94:32 / Allies) KeKeZergRush: wow no mana on pala
(94:42 / Allies) KeKeZergRush: those last second light
(94:45 / Allies) KeKeZergRush: take a lot out of him
(94:48 / Allies) KeKeZergRush: i see
(95:17 / Allies) KeKeZergRush: wish i had some morts or scan towers
(95:18 / Allies) KeKeZergRush: or something
(95:38 / Allies) KeKeZergRush: dont think you can do my heroes like that
(95:56 / Allies) KeKeZergRush: that was old version
(96:16 / Allies) KeKeZergRush: haha
(98:10 / Allies) KeKeZergRush: how long this game go so far?
(98:12 / Allies) KeKeZergRush: any idea?
(98:17 / Allies) SERIOUSCRAFT: like 2 hrs
(98:23 / Allies) KeKeZergRush: sounds about right
(98:30 / Allies) KeKeZergRush: brill aura would be so nice
(98:34 / Allies) SERIOUSCRAFT: mmm
(98:44 / Allies) KeKeZergRush: want circlet back
(98:47 / Allies) KeKeZergRush: for fight at least
(99:17 / Allies) KeKeZergRush: they prob perched
(99:40 / Allies) SERIOUSCRAFT: sending bat
(99:41 / Allies) KeKeZergRush: no i was kidding
(99:46 / Allies) KeKeZergRush: probv not
(100:09 / Allies) KeKeZergRush: well shockwave been fucking us up too tho
(100:45 / Allies) KeKeZergRush: and anyone that gets in the way
(102:03 / All) SERIOUSCRAFT: AHHAHAHAHAA
(102:05 / All) SERIOUSCRAFT: LEAVE
(102:07 / All) SERIOUSCRAFT: LEAVE
(102:08 / All) SERIOUSCRAFT: LEAVE
(102:18 / All) SERIOUSCRAFT: LEAVE
(102:19 / All) SERIOUSCRAFT: LEAVE
(102:22 / All) KeKeZergRush: we broke your sh, your tc, your lich, and your dk
(102:25 / All) KeKeZergRush: you can leave
(102:43 / Allies) KeKeZergRush: saw it in slow motion
(102:52 / Allies) KeKeZergRush: then the level up heard round the world
(102:56 / Allies) SERIOUSCRAFT: lmao
(102:59 / All) Yunkel: LEAVE
(102:59 / All) SERIOUSCRAFT: LEAVE
(103:00 / All) Yunkel: LEAVE
(103:01 / All) Yunkel: LEAVE
(103:02 / All) SERIOUSCRAFT: SHITBIRD
(103:02 / All) Yunkel: LEAVE
(103:03 / All) Yunkel: LEAVE
(103:04 / All) Yunkel: LEAVE
(103:04 / All) Yunkel: LEAVE
(103:05 / All) Yunkel: LEAVE
(103:06 / All) Yunkel: LEAVE
(103:06 / All) Yunkel: LEAVE
(103:07 / All) Yunkel: LEAVE
(103:08 / All) Yunkel: LEAVE
(103:09 / All) Yunkel: LEAVE
(103:09 / All) Yunkel: LEAVE
(103:10 / All) Yunkel: LEAVE
(103:11 / All) Yunkel: LEAVE
(103:13 / All) Yunkel: LEAVE
(103:14 / All) Yunkel: LEAVE
(103:14 / All) Yunkel: LEAVE
(103:15 / All) Yunkel: LEAVE
(103:16 / All) Yunkel: LEAVE
(103:17 / All) Yunkel: LEAVE
(103:17 / All) Yunkel: LEAVE
(103:18 / All) Yunkel: LEAVE
(103:19 / All) Yunkel: LEAVE
(103:20 / All) Yunkel: LEAVE
(103:20 / All) Yunkel: LEAVE
(103:21 / All) Yunkel: LEAVE
(103:22 / All) Yunkel: LEAVE
(103:23 / All) Yunkel: LEAVE
(103:23 / All) Yunkel: LEAVE
(103:24 / All) Yunkel: LEAVE
(103:25 / All) Yunkel: LEAVE
(103:26 / All) Yunkel: LEAVE
(103:26 / All) Yunkel: LEAVE
(103:27 / All) SERIOUSCRAFT: highper.ch
(103:27 / All) Yunkel: LEAVE
(103:29 / All) Yunkel: LEAVE
(103:49 / All) KeKeZergRush: your break your copy and paste button mommy is going to be angry
(104:20 / All) Yunkel: you lose alot of time, we are surfing the net :P
(104:20 / Allies) KeKeZergRush: only got 200 mana on paladin
(104:23 / Allies) KeKeZergRush: should be okay
(104:36 / All) SERIOUSCRAFT: leave
(104:38 / All) SERIOUSCRAFT: trash
(104:46 / All) SERIOUSCRAFT: coilnova trash
(104:47 / Allies) KeKeZergRush: pala missed spirit
(104:49 / All) ElberGoon: what happened here?
(104:59 / All) SERIOUSCRAFT: your ally is as trash as you
(105:09 / All) ElberGoon: sure, we started doing towers
(105:20 / All) ElberGoon: i love people when they are the shit they talk :o
(105:35 / Allies) KeKeZergRush: gryphs
(106:18 / All) KeKeZergRush: well you did say you liked long games
(106:24 / All) KeKeZergRush: never mentioned if it was winning or losing them
(106:38 / All) SERIOUSCRAFT: need to make a distinction there champ
(107:13 / All) Yunkel: grats